MLB
COLORADO ROCKIES @ ATLANTA HAMMERS
08/30/2026
 
TOP OF THE 1ST
Colorado Rockies batting - Pitching for Atlanta Hammers : LHP Rocky Edwards
Pitching: LHP Rocky Edwards
Batting: RHB Ed Mann 0-0: Ball
1-0: Ball
2-0: Ground out 6-3 (Groundball, 6S, EV 93 MPH)
Batting: RHB Joe Hill 0-0: Called Strike
0-1: Fly out, F9 (Flyball, 9LM, EV 87 MPH)
Batting: RHB Christian Walker 0-0: Called Strike
0-1: Called Strike
0-2: Foul Ball, location: 2F
0-2: Ground out U3 (Groundball, 3S, EV 103 MPH)
Top of the 1st over - 0 runs, 0 hits, 0 errors, 0 left on base; Colorado 0 - Atlanta 0
BOTTOM OF THE 1ST
Atlanta Hammers batting - Pitching for Colorado Rockies : RHP Sonny Gray
Pitching: RHP Sonny Gray
Batting: RHB Josh Moore 0-0: Called Strike
0-1: Called Strike
0-2: Ball
1-2: Strikes out swinging
Batting: LHB Luis Herta 0-0: Ball
1-0: Ball
2-0: Ball
3-0: Called Strike
3-1: Called Strike
3-2: Foul Ball, location: 2F
3-2: Foul Ball, location: 25FF
3-2: SINGLE (Line Drive, 7, EV 91 MPH)
Batting: RHB Jim Bowers 0-0: Ball
1-0: Swinging Strike
1-1: Ball
2-1: Fly out, F4 (Popup, 3D, EV 45 MPH)
Batting: LHB Artie Bailey 0-0: Foul Ball, location: 5SF
0-1: Foul Ball, location: 7LSF
0-2: Fly out, F7 (Flyball, 78D, EV 104 MPH)
Bottom of the 1st over - 0 runs, 1 hit, 0 errors, 1 left on base; Colorado 0 - Atlanta 0
TOP OF THE 2ND
Colorado Rockies batting - Pitching for Atlanta Hammers : LHP Rocky Edwards
Batting: SHB Arturo Hernández 0-0: Called Strike
0-1: Fly out, F7 (Flyball, 7LMF, EV 110 MPH)
Batting: LHB Rowdy Tellez 0-0: Called Strike
0-1: Ball
1-1: Ball
2-1: Foul Ball, location: 7LDF
2-2: Ball
3-2: Strikes out looking
Batting: RHB Franklin Reyes 0-0: DOUBLE (Groundball, 5L, EV 112 MPH)
Batting: LHB Ron Faulkner 0-0: Called Strike
0-1: Ball
1-1: Swinging Strike
1-2: Strikes out looking
Top of the 2nd over - 0 runs, 1 hit, 0 errors, 1 left on base; Colorado 0 - Atlanta 0
BOTTOM OF THE 2ND
Atlanta Hammers batting - Pitching for Colorado Rockies : RHP Sonny Gray
Batting: RHB Clarence Shelton 0-0: Ground out 5-3 (Groundball, 5S, EV 58 MPH)
Batting: LHB Tyrone Hanna 0-0: Ball
1-0: Foul Ball, location: 23F
1-1: Ball
2-1: Foul Ball, location: 7LSF
2-2: Ball
3-2: Foul Ball, location: 9LDF
3-2: Strikes out looking
Batting: RHB Wilmer Flores 0-0: Foul Ball, location: 5SF
0-1: Ball
1-1: Ball
2-1: Ball
3-1: Called Strike
3-2: Strikes out swinging
Bottom of the 2nd over - 0 runs, 0 hits, 0 errors, 0 left on base; Colorado 0 - Atlanta 0
TOP OF THE 3RD
Colorado Rockies batting - Pitching for Atlanta Hammers : LHP Rocky Edwards
Batting: RHB Sancho Acosta 0-0: Ball
1-0: Ball
2-0: Swinging Strike
2-1: Ball
3-1: Foul Ball, location: 3F
3-2: Strikes out swinging
Batting: LHB Oliver Acevedo 0-0: Ball
1-0: Foul Ball, location: 9LMF
1-1: Ball
2-1: Foul Ball, location: 7LMF
2-2: Strikes out swinging
Batting: RHB Ed Mann 0-0: Ball
1-0: Ball
2-0: Swinging Strike
2-1: SINGLE (Groundball, 6S, EV 77 MPH) (infield hit)
Batting: RHB Joe Hill 0-0: Called Strike
0-1: Foul Ball, location: 2F
0-2: Ball
1-2: Foul Ball, location: 2F
1-2: Fly out, F9 (Flyball, 89M, EV 84 MPH)
Top of the 3rd over - 0 runs, 1 hit, 0 errors, 1 left on base; Colorado 0 - Atlanta 0
BOTTOM OF THE 3RD
Atlanta Hammers batting - Pitching for Colorado Rockies : RHP Sonny Gray
Batting: RHB Adrian Lazar 0-0: Ball
1-0: Swinging Strike
1-1: Swinging Strike
1-2: Ball
2-2: Foul Ball, location: 23F
2-2: Ball
3-2: Foul Ball, location: 5F
3-2: Ground out 5-3 (Groundball, 5S, EV 60 MPH)
Batting: RHB Elys Escobar 0-0: Called Strike
0-1: Ground out 4-3 (Groundball, 13, EV 55 MPH)
Batting: RHB Josh Moore 0-0: Ball
1-0: Called Strike
1-1: Ground out 6-3 (Groundball, 6S, EV 61 MPH)
Bottom of the 3rd over - 0 runs, 0 hits, 0 errors, 0 left on base; Colorado 0 - Atlanta 0
TOP OF THE 4TH
Colorado Rockies batting - Pitching for Atlanta Hammers : LHP Rocky Edwards
Batting: RHB Christian Walker 0-0: Ball
1-0: Swinging Strike
1-1: Ball
2-1: Ball
3-1: Foul Ball, location: 5FF
3-2: Strikes out looking
Batting: SHB Arturo Hernández 0-0: Called Strike
0-1: Ball
1-1: Fly out, F6 (Popup, 6, EV 86 MPH)
Batting: LHB Rowdy Tellez 0-0: Ball
1-0: Called Strike
1-1: Foul Ball, location: 3FF
1-2: Strikes out looking
Top of the 4th over - 0 runs, 0 hits, 0 errors, 0 left on base; Colorado 0 - Atlanta 0
BOTTOM OF THE 4TH
Atlanta Hammers batting - Pitching for Colorado Rockies : RHP Sonny Gray
Batting: LHB Luis Herta 0-0: Swinging Strike
0-1: Swinging Strike
0-2: Ball
1-2: Ground out 1-3 (Groundball, 15S, EV 76 MPH)
Batting: RHB Jim Bowers 0-0: Ball
1-0: Ground out 6-3 (Groundball, 6S, EV 79 MPH)
Batting: LHB Artie Bailey 0-0: Called Strike
0-1: Ball
1-1: Ball
2-1: Fly out, F8 (Flyball, 78D, EV 104 MPH)
Bottom of the 4th over - 0 runs, 0 hits, 0 errors, 0 left on base; Colorado 0 - Atlanta 0
TOP OF THE 5TH
Colorado Rockies batting - Pitching for Atlanta Hammers : LHP Rocky Edwards
Batting: RHB Franklin Reyes 0-0: Ball
1-0: Called Strike
1-1: Ball
2-1: Ball
3-1: Called Strike
3-2: Strikes out swinging
Batting: LHB Ron Faulkner 0-0: Ball
1-0: Ball
2-0: Foul Ball, location: 2F
2-1: Swinging Strike
2-2: Strikes out swinging
Batting: RHB Sancho Acosta 0-0: Foul Ball, location: 7LDF
0-1: Ball
1-1: Ball
2-1: Swinging Strike
2-2: Ball
3-2: Ground out 4-3 (Groundball, 4M, EV 80 MPH)
Top of the 5th over - 0 runs, 0 hits, 0 errors, 0 left on base; Colorado 0 - Atlanta 0
BOTTOM OF THE 5TH
Atlanta Hammers batting - Pitching for Colorado Rockies : RHP Sonny Gray
Batting: RHB Clarence Shelton 0-0: Ground out 6-3 (Groundball, 6S, EV 93 MPH)
Batting: LHB Tyrone Hanna 0-0: Ball
1-0: Called Strike
1-1: SINGLE (Groundball, 4MS, EV 79 MPH) (infield hit)
Batting: RHB Wilmer Flores 0-0: Ball
1-0: Called Strike
1-1: Foul Ball, location: 9LSF
1-2: Strikes out swinging
Batting: RHB Adrian Lazar 0-0: Called Strike
0-1: Swinging Strike
0-2: Fly out, F8 (Flyball, 8RM, EV 81 MPH)
Bottom of the 5th over - 0 runs, 1 hit, 0 errors, 1 left on base; Colorado 0 - Atlanta 0
TOP OF THE 6TH
Colorado Rockies batting - Pitching for Atlanta Hammers : LHP Rocky Edwards
Batting: LHB Oliver Acevedo 0-0: Called Strike
0-1: Foul Ball, location: 23FF
0-2: Ball
1-2: Fly out, F5 (Line Drive, 6, EV 63 MPH)
Batting: RHB Ed Mann 0-0: Called Strike
0-1: Foul Ball, location: 2F
0-2: Foul Ball, location: 9LMF
0-2: Ground out 6-3 (Groundball, 4M, EV 52 MPH)
Batting: RHB Joe Hill 0-0: Ball
1-0: Swinging Strike
1-1: Fly out, F8 (Flyball, 8RXD, EV 76 MPH)
Top of the 6th over - 0 runs, 0 hits, 0 errors, 0 left on base; Colorado 0 - Atlanta 0
BOTTOM OF THE 6TH
Atlanta Hammers batting - Pitching for Colorado Rockies : RHP Sonny Gray
Batting: RHB Elys Escobar 0-0: Ball
1-0: Ground out 4-3 (Groundball, 4D, EV 73 MPH)
Batting: RHB Josh Moore 0-0: Ball
1-0: Ball
2-0: Called Strike
2-1: Swinging Strike
2-2: Ball
3-2: Ground out 1-3 (Groundball, 15S, EV 68 MPH)
Batting: LHB Luis Herta 0-0: Foul Ball, location: 2F
0-1: Ball
1-1: Ball
2-1: Ball
3-1: Ground out 3-1 (Groundball, 34S, EV 79 MPH)
Bottom of the 6th over - 0 runs, 0 hits, 0 errors, 0 left on base; Colorado 0 - Atlanta 0
TOP OF THE 7TH
Colorado Rockies batting - Pitching for Atlanta Hammers : LHP Rocky Edwards
Pitching: RHP Jake Snow
Batting: RHB Christian Walker 0-0: Swinging Strike
0-1: SINGLE (Groundball, 4MD, EV 89 MPH)
Batting: SHB Arturo Hernández 0-0: Ball
1-0: Grounds into double play, 3-6-3 (Groundball, 34S, EV 91 MPH)
Batting: LHB Rowdy Tellez 0-0: Foul Ball, location: 23FF
0-1: Ball
1-1: Ball
2-1: Foul Ball, location: 2F
2-2: Strikes out looking
Top of the 7th over - 0 runs, 1 hit, 0 errors, 0 left on base; Colorado 0 - Atlanta 0
BOTTOM OF THE 7TH
Atlanta Hammers batting - Pitching for Colorado Rockies : LHP Steve Rhind
Pitching: LHP Steve Rhind
Batting: RHB Jim Bowers 0-0: Called Strike
0-1: Foul Ball, location: 2F
0-2: Ball
1-2: Foul Ball, location: 3FF
1-2: Ground out 5-3 (Groundball, 6S, EV 108 MPH)
Batting: LHB Artie Bailey 0-0: Called Strike
0-1: Foul Ball, location: 2F
0-2: Strikes out swinging
Batting: RHB Clarence Shelton 0-0: Foul Ball, location: 2F
0-1: Fly out, F3 (Popup, 23F, EV 56 MPH)
Bottom of the 7th over - 0 runs, 0 hits, 0 errors, 0 left on base; Colorado 0 - Atlanta 0
TOP OF THE 8TH
Colorado Rockies batting - Pitching for Atlanta Hammers : RHP Jake Snow
Pitching: RHP Joe Byrd
Batting: RHB Franklin Reyes 0-0: Swinging Strike
0-1: Ball
1-1: Foul Ball, location: 7LSF
1-2: Ball
2-2: Ball
3-2: Fly out, F7 (Flyball, 78D, EV 88 MPH)
Batting: LHB Ron Faulkner 0-0: Foul Ball, location: 23F
0-1: Foul Ball, location: 23FF
0-2: Ball
1-2: Strikes out looking
Batting: RHB Sancho Acosta 0-0: Foul Ball, location: 2F
0-1: Ball
1-1: Ball
2-1: Swinging Strike
2-2: Foul Ball, location: 2LF
2-2: Strikes out swinging
Top of the 8th over - 0 runs, 0 hits, 0 errors, 0 left on base; Colorado 0 - Atlanta 0
BOTTOM OF THE 8TH
Atlanta Hammers batting - Pitching for Colorado Rockies : LHP Steve Rhind
Batting: LHB Tyrone Hanna 0-0: Ground out 4-3 (Groundball, 4S, EV 112 MPH)
Batting: RHB Wilmer Flores 0-0: Foul Ball, location: 5SF
0-1: Foul Ball, location: 9LMFF
0-2: SINGLE (Groundball, 34D, EV 110 MPH)
Batting: RHB Adrian Lazar 0-0: Foul Ball, location: 5F
0-1: Ball
1-1: Foul Ball, location: 7LDF
1-2: Grounds into double play, 4-6-3 (Groundball, 4S, EV 108 MPH)
Bottom of the 8th over - 0 runs, 1 hit, 0 errors, 0 left on base; Colorado 0 - Atlanta 0
TOP OF THE 9TH
Colorado Rockies batting - Pitching for Atlanta Hammers : RHP Joe Byrd
Pitching: RHP Dan Hicks
Batting: LHB Oliver Acevedo 0-0: Called Strike
0-1: Ball
1-1: Foul Ball, location: 7LMF
1-2: Strikes out swinging
Batting: RHB Ed Mann 0-0: Foul Ball, location: 3F
0-1: Swinging Strike
0-2: Ball
1-2: Strikes out swinging
Batting: RHB Joe Hill 0-0: Called Strike
0-1: Ball
1-1: SINGLE (Groundball, 34D, EV 100 MPH)
Batting: RHB Christian Walker 0-0: Foul Ball, location: 2F
0-1: Ball
1-1: Called Strike
1-2: Foul Ball, location: 5F
1-2: Ball
2-2: Fly out, F9 (Flyball, 9, EV 86 MPH)
Top of the 9th over - 0 runs, 1 hit, 0 errors, 1 left on base; Colorado 0 - Atlanta 0
BOTTOM OF THE 9TH
Atlanta Hammers batting - Pitching for Colorado Rockies : LHP Steve Rhind
Batting: RHB Elys Escobar 0-0: Foul Ball, location: 5DF
0-1: Foul Ball, location: 23F
0-2: Ball
1-2: Ball
2-2: Ground out 4-3 (Groundball, 4MS, EV 61 MPH)
Batting: RHB Josh Moore 0-0: Fly out, F9 (Flyball, 9, EV 76 MPH)
Batting: LHB Luis Herta 0-0: Ball
1-0: Swinging Strike
1-1: Called Strike
1-2: Ball
2-2: Foul Ball, location: 7LMF
2-2: Strikes out looking
Bottom of the 9th over - 0 runs, 0 hits, 0 errors, 0 left on base; Colorado 0 - Atlanta 0
TOP OF THE 10TH
Colorado Rockies batting - Pitching for Atlanta Hammers : RHP Dan Hicks
Christian Walker starts the inning at 2nd base.
Batting: SHB Arturo Hernández 0-0: Called Strike
0-1: Ball
1-1: Swinging Strike
1-2: Foul Ball, location: 2F
1-2: Foul Ball, location: 2F
1-2: Fly out, F7 (Line Drive, 7D, EV 81 MPH)
Batting: LHB Rowdy Tellez 0-0: Called Strike
0-1: Swinging Strike
0-2: Ball
1-2: Strikes out swinging
Batting: RHB Franklin Reyes 0-0: Fly out, F1 (Popup, P, EV 54 MPH)
Top of the 10th over - 0 runs, 0 hits, 0 errors, 1 left on base; Colorado 0 - Atlanta 0
BOTTOM OF THE 10TH
Atlanta Hammers batting - Pitching for Colorado Rockies : LHP Steve Rhind
Luis Herta starts the inning at 2nd base.
Batting: RHB Jim Bowers 0-0: Intentional Walk
Batting: RHB Trea Turner 0-0: Grounds into double play, 6-4-3 (Groundball, 6S, EV 74 MPH)
Luis Herta to third
Batting: RHB Clarence Shelton 0-0: Intentional Walk
Batting: LHB Tyrone Hanna 0-0: Ground out U3 (Groundball, 3S, EV 62 MPH)
Bottom of the 10th over - 0 runs, 0 hits, 0 errors, 2 left on base; Colorado 0 - Atlanta 0
TOP OF THE 11TH
Colorado Rockies batting - Pitching for Atlanta Hammers : RHP Dan Hicks
Franklin Reyes starts the inning at 2nd base.
Batting: LHB Ron Faulkner 0-0: Ball
1-0: Called Strike
1-1: Called Strike
1-2: SINGLE (Line Drive, 7S, EV 87 MPH)
Franklin Reyes to third
Batting: RHB Sancho Acosta 0-0: Foul Ball, location: 5F
0-1: Fly out, F3 (Line Drive, 3, EV 51 MPH)
Lined into DP, U3 (Line Drive, 3, EV 51 MPH)
Batting: LHB Oliver Acevedo 0-0: Ball
1-0: Ball
2-0: Hit by Pitch
Batting: RHB Ed Mann 0-0: Ground out 5-3 (Groundball, 5S, EV 66 MPH)
Top of the 11th over - 0 runs, 1 hit, 0 errors, 2 left on base; Colorado 0 - Atlanta 0
BOTTOM OF THE 11TH
Atlanta Hammers batting - Pitching for Colorado Rockies : LHP Steve Rhind
Tyrone Hanna starts the inning at 2nd base.
Pitching: RHP Anderson Espinoza
Batting: RHB Wilmer Flores 0-0: Swinging Strike
0-1: SINGLE (Line Drive, 89M, EV 90 MPH)
Tyrone Hanna to third
Batting: RHB Adrian Lazar 0-0: Ball
1-0: Swinging Strike
1-1: Called Strike
1-2: Ball
2-2: Fielders Choice at 2nd, 1-4 (Groundball, P, EV 62 MPH)
Batting: RHB Elys Escobar 0-0: Called Strike
0-1: Fly out, F8 (Line Drive, 8LM, EV 79 MPH)
Runner from 3rd tags up, SCORES, throw by CF
Bottom of the 11th over - 1 run, 1 hit, 0 errors, 1 left on base; Colorado 0 - Atlanta 1
Saturday, September 5th , 2026 - OOTP Baseball 27.4 Build 76